Workbook
Name _1Excel_BuiltIn_Print_Area_1_1_1: 'Прил 1'!$A$1:$C$33
Name _2Excel_BuiltIn_Print_Area_7_1_1: #REF!
Name _2Excel_BuiltIn_Print_Area_7_1_1: #REF!
Name _Toc105952698: 'Прил 2 '!$A$3
Name _Toc105952698: #REF!
Name Excel_BuiltIn_Print_Area_1: 'Прил 1'!$A$1:$C$33
Name Excel_BuiltIn_Print_Area_1_1: 'Прил 1'!$A$1:$C$33
Name Excel_BuiltIn_Print_Area_2: #REF!
Name Excel_BuiltIn_Print_Area_2: #REF!
Name Excel_BuiltIn_Print_Area_3: #REF!
Name Excel_BuiltIn_Print_Area_3_1: #REF!
Name Excel_BuiltIn_Print_Area_3_1: #REF!
Name Excel_BuiltIn_Print_Area_4: #REF!
Name Excel_BuiltIn_Print_Area_4: #REF!
Name Excel_BuiltIn_Print_Area_5: 'Прил 2 '!$A$1:$I$42
Name Excel_BuiltIn_Print_Area_5: #REF!
Name Excel_BuiltIn_Print_Area_5_1: 'Прил 2 '!$A$1:$I$42
Name Excel_BuiltIn_Print_Area_5_1: #REF!
Name Excel_BuiltIn_Print_Area_6: 'Прил 3'!$A$1:$G$43
Name Excel_BuiltIn_Print_Area_6_1: 'Прил 3'!$A$1:$G$43
Name Excel_BuiltIn_Print_Area_7: #REF!
Name Excel_BuiltIn_Print_Area_7: #REF!
Name Excel_BuiltIn_Print_Area_7_1: #REF!
Name Excel_BuiltIn_Print_Area_7_1: #REF!

Sheet Прил 1
D1: Приложение 3
C2: к решению сессии Совета депутатов Адашевского сельского поселения "Об исполнении бюджета Адашевского сельского поселения Кадошкинского муниципального района Республики Мордовия за 2021 год"
A3: ДОХОДЫ БЮДЖЕТА АДАШЕВСКОГО СЕЛЬСКОГО ПОСЕЛЕНИЯ КАДОШКИНСКОГО МУНИЦИПАЛЬНОГО РАЙОНА РЕСПУБЛИКИ МОРДОВИЯ
C4: (тыс.рублей)
A5: Код бюджетной классификации доходов бюджета | B5: Наименование доходов | C5: Сумма
C6: План 2021 год | D6: Исполнение 2021 год | E6: % исполнения
A7: 1 | B7: 2 | C7: 3 | D7: 4 | E7: 5
B8: ВСЕГО ДОХОДОВ | C8: =C9+C23+C34 -> 1298.4 | D8: =SUM(D9+D23+D34) -> 1353.9 | E8: =D8/C8*100 -> 104.27449
A9: 00010000000000000000 | B9: НАЛОГОВЫЕ И НЕНАЛОГОВЫЕ ДОХОДЫ | C9: =SUM(C10+C13+C15+C17+C20) -> 477.7 | D9: =SUM(D10+D13+D15+D17+D20) -> 533.2 | E9: =D9/C9*100 -> 111.61817
A10: 00010100000000000000 | B10: НАЛОГИ НА ПРИБЫЛЬ, ДОХОДЫ | C10: =SUM(C11) -> 23.5 | D10: =SUM(D11) -> 16.3 | E10: =D10/C10*100 -> 69.361702
A11: 00010102000010000110 | B11: Налог на доходы физических лиц | C11: =SUM(C12) -> 23.5 | D11: =SUM(D12) -> 16.3 | E11: =D11/C11*100 -> 69.361702
A12: 18210102010010000110 | B12: Налог на доходы физических лиц с доходов, источником которых является налоговый агент, за исключением доходов, в отношении которых исчисление и уплата налога осуществляются в соответствии со статьями 227, 2271 и 228 Налогового кодекса Российской Федерации | C12: 23.5 | D12: 16.3 | E12: =D12/C12*100 -> 69.361702
A13: 00010500000000000000 | B13: НАЛОГИ НА СОВОКУПНЫЙ ДОХОД | C13: =SUM(C14) -> 67.1 | D13: =SUM(D14) -> 53.6 | E13: =D13/C13*100 -> 79.880775
A14: 18210503010010000110 | B14: Единый сельскохозяйственный налог | C14: 67.1 | D14: 53.6 | E14: =D14/C14*100 -> 79.880775
A15: 00010600000000000000 | B15: НАЛОГИ НА ИМУЩЕСТВО | C15: =SUM(C16) -> 42 | D15: =SUM(D16) -> 22.1 | E15: =D15/C15*100 -> 52.619048
A16: 18210601030100000110 | B16: Налог на имущество физических лиц, взимаемый по ставкам, применяемым к объектам налогообложения, расположенным в границах сельских поселений | C16: 42 | D16: 22.1 | E16: =D16/C16*100 -> 52.619048
A17: 00010606000000000110 | B17: Земельный налог | C17: =SUM(C18+C19) -> 298 | D17: =SUM(D18+D19) -> 426.3 | E17: =D17/C17*100 -> 143.05369
A18: 18210606033100000110 | B18: Земельный налог с организаций, обладающих земельным участком, расположенным в границах сельских поселений | C18: 88 | D18: 181.4 | E18: =D18/C18*100 -> 206.13636
A19: 18210606043100000110 | B19: Земельный налог с физических лиц, обладающих земельным участком, расположенным в границах сельских поселений | C19: 210 | D19: 244.9 | E19: =D19/C19*100 -> 116.61905
A20: 00011100000000000000 | B20: ДОХОДЫ ОТ ИСПОЛЬЗОВАНИЯ ИМУЩЕСТВА, НАХОДЯЩЕГОСЯ В ГОСУДАРСТВЕННОЙ И МУНИЦИПАЛЬНОЙ СОБСТВЕННОСТИ | C20: =C21+C22 -> 47.1 | D20: =D21+D22 -> 14.9 | E20: =D20/C20*100 -> 31.63482
A21: 91011105025100000120 | B21: Доходы, получаемые в виде арендной платы, а также средства от продажи права на заключение договоров аренды за земли, находящиеся в собственности сельских поселений (за исключением земельных участков муниципальных бюджетных и автономных учреждений) | C21: 17.2 | D21: 0 | E21: =D21/C21*100 -> 0
A22: 91011105035100000120 | B22: Доходы от сдачи в аренду имущества, находящегося в оперативном управлении органов управления поселений и созданных ими учреждений (за исключением имущества муниципальных бюджетных и автономных учреждений) | C22: 29.9 | D22: 14.9 | E22: =D22/C22*100 -> 49.832776
A23: 00020200000000000000 | B23: БЕЗВОЗМЕЗДНЫЕ ПОСТУПЛЕНИЯ ОТ ДРУГИХ БЮДЖЕТОВ БЮДЖЕТНОЙ СИСТЕМЫ РОССИЙСКОЙ ФЕДЕРАЦИИ | C23: =SUM(C29+C32+C24+C27) -> 805.7 | D23: =SUM(D29+D32+D24+D27) -> 805.7 | E23: =D23/C23*100 -> 100
A24: 00020210000000000150 | B24: Дотации бюджетам бюджетной системы Российской Федерации | C24: =C25+C26 -> 274.6 | D24: =D25+D26 -> 274.6 | E24: =D24/C24*100 -> 100
A25: 91020215001100000150 | B25: Дотации бюджетам сельских поселений на выравнивание бюджетной обеспеченности | C25: 55.1 | D25: 55.1 | E25: =D25/C25*100 -> 100
A26: 91020215002100000150 | B26: Дотации бюджетам сельских поселений на поддержку мер по обеспечению сбалансированности бюджетов | C26: 219.5 | D26: 219.5 | E26: =D26/C26*100 -> 100
A27: 00020220000000000150 | B27: Субсидии бюджетам бюджетной системы Российской Федерации (межбюджетные субсидии) | C27: =C28 -> 164.6 | D27: =D28 -> 164.6 | E27: =D27/C27*100 -> 100
A28: 91020229999100000150 | B28: Прочие субсидии бюджетам сельских поселений | C28: 164.6 | D28: 164.6 | E28: =D28/C28*100 -> 100
A29: 00020230000000000150 | B29: Субвенции бюджетам бюджетной системы Российской Федерации | C29: =SUM(C30+C31) -> 86.9 | D29: =SUM(D30+D31) -> 86.9 | E29: =D29/C29*100 -> 100
A30: 91020230024100000150 | B30: Субвенции на осуществление государственных полномочий Республики Мордовия по определению перечня должностных лиц, уполномоченных составлять протоколы об административных правонарушениях, предусмотренных Законом Республики Мордовия от 15 июня 2015 года № 38-З "Об административной ответственности на территории Республики Мордовия" | C30: 0.1 | D30: 0.1 | E30: =D30/C30*100 -> 100
A31: 91020235118100000150 | B31: Субвенции бюджетам сельских поселений на осуществление первичного воинского учета на территориях, где отсутствуют военные комиссариаты | C31: 86.8 | D31: 86.8 | E31: =D31/C31*100 -> 100
A32: 00020240000000000150 | B32: Иные межбюджетные трансферты | C32: =SUM(C33) -> 279.6 | D32: =SUM(D33) -> 279.6 | E32: =D32/C32*100 -> 100
A33: 91020240014100000150 | B33: Межбюджетные трансферты, передаваемые бюджетам сельских поселений из бюджетов муниципальных районов на осуществление части полномочий по решению вопросов местного значения в соответствии с заключенными соглашениями | C33: =255.6+0.4+33.077-9.477 -> 279.6 | D33: 279.6 | E33: =D33/C33*100 -> 100
A34: 00020700000000000000 | B34: ПРОЧИЕ БЕЗВОЗМЕЗДНЫЕ ПОСТУПЛЕНИЯ | C34: =C35 -> 15 | D34: =D35 -> 15 | E34: =D34/C34*100 -> 100
A35: 91020705030100000150 | B35: Прочие межбюджетные трансферты, передаваемые бюджетам сельских поселений | C35: 15 | D35: 15 | E35: =D35/C35*100 -> 100

Sheet Прил 2 
I1: Приложение 2
I2: к решению сессии Совета депутатов Адашевского сельского поселения "Об исполнении бюджета Адашевского сельского поселения Кадошкинского муниципального района Республики Мордовия за 2021 год"
A3: РАСПРЕДЕЛЕНИЕ БЮДЖЕТНЫХ АССИГНОВАНИЙ БЮДЖЕТА АДАШЕВСКОГО СЕЛЬСКОГО ПОСЕЛЕНИЯ КАДОШКИНСКОГО МУНИЦИПАЛЬНОГО РАЙОНА РЕСПУБЛИКИ МОРДОВИЯ ПО РАЗДЕЛАМ, ПОДРАЗДЕЛАМ, ЦЕЛЕВЫМ СТАТЬЯМ, ГРУППАМ (ГРУППАМ И ПОДГРУППАМ) ВИДОВ РАСХОДОВ КЛАССИФИКАЦИИ РАСХОДОВ БЮДЖЕТОВ НА 2021 ГОД
A4: Наименование | B4: Рз | C4: ПР | D4: ЦСР | H4: ВР | I4: Сумма (тыс. рублей)
I5: План 2021 год | J5: Исполнение 2021 год | K5: % исполнения
A6: 1 | B6: 2 | C6: 3 | D6: 4 | E6: 5 | F6: 6 | G6: 7 | H6: 8 | I6: 9 | J6: 10 | K6: 11
A7: ВСЕГО | I7: =I8+I43+I59+I66+I80+I87+I52 -> 1432.15 | J7: =J8+J43+J59+J66+J80+J87+J52 -> 1388 | K7: =J7/I7*100 -> 96.917222
A8: Общегосударственные вопросы | B8: 01 | I8: =I9+I18+I37 -> 959.15 | J8: =J9+J18+J37 -> 917.1 | K8: =J8/I8*100 -> 95.61591
A9: Функционирование высшего должностного лица субъекта Российской Федерации и муниципального образования | B9: 01 | C9: 02 | I9: =I10 -> 469.6 | J9: =J10 -> 451.3 | K9: =J9/I9*100 -> 96.103066
A10: Обеспечение деятельности администрации | B10: 01 | C10: 02 | D10: 65 | I10: =I11 -> 469.6 | J10: =J11 -> 451.3 | K10: =J10/I10*100 -> 96.103066
A11: Высшее должностное лицо | B11: 01 | C11: 02 | D11: 65 | E11: 1 | I11: =I12+I15 -> 469.6 | J11: =J12+J15 -> 451.3 | K11: =J11/I11*100 -> 96.103066
A12: Расходы на выплаты по оплате труда высшего должностного лица | B12: 01 | C12: 02 | D12: 65 | E12: 1 | F12: 00 | G12: 41150 | I12: =I13 -> 397.9 | J12: =J13 -> 379.6 | K12: =J12/I12*100 -> 95.400854
A13: Расходы на выплаты персоналу в целях обеспечения выполнения функций государственными (муниципальными) органами, казенными учреждениями, органами управления государственными внебюджетными фондами | B13: 01 | C13: 02 | D13: 65 | E13: 1 | F13: 00 | G13: 41150 | H13: 100 | I13: =I14 -> 397.9 | J13: =J14 -> 379.6 | K13: =J13/I13*100 -> 95.400854
A14: Расходы на выплаты персоналу государственных (муниципальных) органов | B14: 01 | C14: 02 | D14: 65 | E14: 1 | F14: 00 | G14: 41150 | H14: 120 | I14: ='Прил 3'!J15 -> 397.9 | J14: 379.6 | K14: =J14/I14*100 -> 95.400854
A15: Субсидии на софинансирование расходных обязательств по финансовому обеспечению деятельности органов местного самоуправления и муниципальных учреждений | B15: 01 | C15: 02 | D15: 65 | E15: 1 | F15: 00 | G15: 44205 | I15: =I16 -> 71.7 | J15: =J16 -> 71.7 | K15: =J15/I15*100 -> 100
A16: Расходы на выплаты персоналу в целях обеспечения выполнения функций государственными (муниципальными) органами, казенными учреждениями, органами управления государственными внебюджетными фондами | B16: 01 | C16: 02 | D16: 65 | E16: 1 | F16: 00 | G16: 44205 | H16: 100 | I16: =I17 -> 71.7 | J16: =J17 -> 71.7 | K16: =J16/I16*100 -> 100
A17: Расходы на выплаты персоналу государственных (муниципальных) органов | B17: 01 | C17: 02 | D17: 65 | E17: 1 | F17: 00 | G17: 44205 | H17: 120 | I17: ='Прил 3'!J18 -> 71.7 | J17: 71.7 | K17: =J17/I17*100 -> 100
A18: Функционирование Правительства Российской Федерации, высших органов исполнительной власти субъектов Российской Федерации, местных администраций | B18: 01 | C18: 04 | I18: =I19+I32 -> 488.55 | J18: =J19+J32 -> 465.8 | K18: =J18/I18*100 -> 95.343363
A19: Обеспечение деятельности администрации | B19: 01 | C19: 04 | D19: 65 | I19: =I20 -> 488.45 | J19: =J20 -> 465.7 | K19: =J19/I19*100 -> 95.34241
A20: Непрограммные расходы в рамках обеспечения деятельности администрации | B20: 01 | C20: 04 | D20: 65 | E20: 2 | I20: =I21+I29+I24 -> 488.45 | J20: =J21+J29+J24 -> 465.7 | K20: =J20/I20*100 -> 95.34241
A21: Расходы на выплаты по оплате труда работников органов местного самоуправления | B21: 01 | C21: 04 | D21: 65 | E21: 2 | F21: 00 | G21: 41110 | I21: =I22 -> 243.5 | J21: =J22 -> 223.2 | K21: =J21/I21*100 -> 91.663244
A22: Расходы на выплаты персоналу в целях обеспечения выполнения функций государственными (муниципальными) органами, казенными учреждениями, органами управления государственными внебюджетными фондами | B22: 01 | C22: 04 | D22: 65 | E22: 2 | F22: 00 | G22: 41110 | H22: 100 | I22: =I23 -> 243.5 | J22: =J23 -> 223.2 | K22: =J22/I22*100 -> 91.663244
A23: Расходы на выплаты персоналу государственных (муниципальных) органов | B23: 01 | C23: 04 | D23: 65 | E23: 2 | F23: 00 | G23: 41110 | H23: 120 | I23: ='Прил 3'!J24 -> 243.5 | J23: 223.2 | K23: =J23/I23*100 -> 91.663244
A24: Расходы на обеспечение функций органов местного самоуправления | B24: 01 | C24: 04 | D24: 65 | E24: 2 | F24: 00 | G24: 41120 | I24: =I27+I25 -> 152.05 | J24: =J27+J25 -> 149.6 | K24: =J24/I24*100 -> 98.388688
A25: Закупка товаров, работ и услуг для обеспечения государственных (муниципальных) нужд | B25: 01 | C25: 04 | D25: 65 | E25: 2 | F25: 00 | G25: 41120 | H25: 200 | I25: =I26 -> 137.55 | J25: =J26 -> 136 | K25: =J25/I25*100 -> 98.873137
A26: Иные закупки товаров, работ и услуг для обеспечения государственных (муниципальных) нужд | B26: 01 | C26: 04 | D26: 65 | E26: 2 | F26: 00 | G26: 41120 | H26: 240 | I26: ='Прил 3'!J27 -> 137.55 | J26: 136 | K26: =J26/I26*100 -> 98.873137
A27: Иные бюджетные ассигнования | B27: 01 | C27: 04 | D27: 65 | E27: 2 | F27: 00 | G27: 41120 | H27: 800 | I27: =I28 -> 14.5 | J27: =J28 -> 13.6 | K27: =J27/I27*100 -> 93.793103
A28: Уплата налогов, сборов и иных платежей | B28: 01 | C28: 04 | D28: 65 | E28: 2 | F28: 00 | G28: 41120 | H28: 850 | I28: ='Прил 3'!J29 -> 14.5 | J28: 13.6 | K28: =J28/I28*100 -> 93.793103
A29: Субсидии на софинансирование расходных обязательств по финансовому обеспечению деятельности органов местного самоуправления и муниципальных учреждений | B29: 01 | C29: 04 | D29: 65 | E29: 2 | F29: 00 | G29: 44205 | I29: =I30 -> 92.9 | J29: =J30 -> 92.9 | K29: =J29/I29*100 -> 100
A30: Расходы на выплаты персоналу в целях обеспечения выполнения функций государственными (муниципальными) органами, казенными учреждениями, органами управления государственными внебюджетными фондами | B30: 01 | C30: 04 | D30: 65 | E30: 2 | F30: 00 | G30: 44205 | H30: 100 | I30: =I31 -> 92.9 | J30: =J31 -> 92.9 | K30: =J30/I30*100 -> 100
A31: Расходы на выплаты персоналу государственных (муниципальных) органов | B31: 01 | C31: 04 | D31: 65 | E31: 2 | F31: 00 | G31: 44205 | H31: 120 | I31: ='Прил 3'!J32 -> 92.9 | J31: 92.9 | K31: =J31/I31*100 -> 100
A32: Непрограммные расходы главных распорядителей средств бюджета Адашевского сельского поселения Кадошкинского муниципального района Республики Мордовия | B32: 01 | C32: 04 | D32: 89 | I32: =I33 -> 0.1 | J32: =J33 -> 0.1 | K32: =J32/I32*100 -> 100
A33: Непрограммные расходы в рамках обеспечения деятельности главных распорядителей средств бюджета Адашевского сельского поселения Кадошкинского муниципального района Республики Мордовия | B33: 01 | C33: 04 | D33: 89 | E33: 1 | I33: =I34 -> 0.1 | J33: =J34 -> 0.1 | K33: =J33/I33*100 -> 100
A34: Осуществление государственных полномочий Республики Мордовия по определению перечня должностных лиц, уполномоченных составлять протоколы об административных правонарушениях, предусмотренных Законом Республики Мордовия от 15 июня 2015 года № 38-З "Об административной ответственности на территории Республики Мордовия" | B34: 01 | C34: 04 | D34: 89 | E34: 1 | F34: 00 | G34: 77150 | I34: =I35 -> 0.1 | J34: =J35 -> 0.1 | K34: =J34/I34*100 -> 100
A35: Закупка товаров, работ и услуг для обеспечения государственных (муниципальных) нужд | B35: 01 | C35: 04 | D35: 89 | E35: 1 | F35: 00 | G35: 77150 | H35: 200 | I35: =I36 -> 0.1 | J35: =J36 -> 0.1 | K35: =J35/I35*100 -> 100
A36: Иные закупки товаров, работ и услуг для обеспечения государственных (муниципальных) нужд | B36: 01 | C36: 04 | D36: 89 | E36: 1 | F36: 00 | G36: 77150 | H36: 240 | I36: ='Прил 3'!J37 -> 0.1 | J36: ='Прил 3'!K37 -> 0.1 | K36: =J36/I36*100 -> 100
A37: Резервные фонды | B37: 01 | C37: 11 | I37: =I38 -> 1 | J37: =J38 -> 0 | K37: =J37/I37*100 -> 0
A38: Непрограммные расходы главных распорядителей средств бюджета Адашевского сельского поселения Кадошкинского муниципального района Республики Мордовия | B38: 01 | C38: 11 | D38: 89 | I38: =I39 -> 1 | J38: =J39 -> 0 | K38: =J38/I38*100 -> 0
A39: Непрограммные расходы в рамках обеспечения деятельности главных распорядителей средств бюджета Адашевского сельского поселения Кадошкинского муниципального района Республики Мордовия | B39: 01 | C39: 11 | D39: 89 | E39: 1 | I39: =I40 -> 1 | J39: =J40 -> 0 | K39: =J39/I39*100 -> 0
A40: Резервный фонд администрации Адашевского сельского поселения Кадошкинского муниципального района Республики Мордовия | B40: 01 | C40: 11 | D40: 89 | E40: 1 | F40: 00 | G40: 41180 | I40: =I41 -> 1 | J40: =J41 -> 0 | K40: =J40/I40*100 -> 0
A41: Иные бюджетные ассигнования | B41: 01 | C41: 11 | D41: 89 | E41: 1 | F41: 00 | G41: 41180 | H41: 800 | I41: =I42 -> 1 | J41: =J42 -> 0 | K41: =J41/I41*100 -> 0
A42: Резервные средства | B42: 01 | C42: 11 | D42: 89 | E42: 1 | F42: 00 | G42: 41180 | H42: 870 | I42: ='Прил 3'!J43 -> 1 | J42: 0 | K42: =J42/I42*100 -> 0
A43: Национальная оборона | B43: 02 | I43: =I44 -> 86.8 | J43: =J44 -> 86.8 | K43: =J43/I43*100 -> 100
A44: Мобилизационная и вневойсковая подготовка | B44: 02 | C44: 03 | I44: =I45 -> 86.8 | J44: =J45 -> 86.8 | K44: =J44/I44*100 -> 100
A45: Непрограммные расходы главных распорядителей средств бюджета Адашевского сельского поселения Кадошкинского муниципального района Республики Мордовия | B45: 02 | C45: 03 | D45: 89 | I45: =I46 -> 86.8 | J45: =J46 -> 86.8 | K45: =J45/I45*100 -> 100
A46: Непрограммные расходы в рамках обеспечения деятельности главных распорядителей средств бюджета Адашевского сельского поселения Кадошкинского муниципального района Республики Мордовия | B46: 02 | C46: 03 | D46: 89 | E46: 1 | I46: =I47 -> 86.8 | J46: =J47 -> 86.8 | K46: =J46/I46*100 -> 100
A47: Осуществление государственных полномочий Российской Федерации о первичному воинскому учету на территориях, где отсутствуют военные комиссариаты | B47: 02 | C47: 03 | D47: 89 | E47: 1 | F47: 00 | G47: 51180 | I47: =I48+I50 -> 86.8 | J47: =J48+J50 -> 86.8 | K47: =J47/I47*100 -> 100
A48: Расходы на выплаты персоналу в целях обеспечения выполнения функций государственными (муниципальными) органами, казенными учреждениями, органами управления государственными внебюджетными фондами | B48: 02 | C48: 03 | D48: 89 | E48: 1 | F48: 00 | G48: 51180 | H48: 100 | I48: =I49 -> 82.9 | J48: =J49 -> 82.9 | K48: =J48/I48*100 -> 100
A49: Расходы на выплаты персоналу государственных (муниципальных) органов | B49: 02 | C49: 03 | D49: 89 | E49: 1 | F49: 00 | G49: 51180 | H49: 120 | I49: ='Прил 3'!J50 -> 82.9 | J49: 82.9 | K49: =J49/I49*100 -> 100
A50: Закупка товаров, работ и услуг для обеспечения государственных (муниципальных) нужд | B50: 02 | C50: 03 | D50: 89 | E50: 1 | F50: 00 | G50: 51180 | H50: 200 | I50: =I51 -> 3.9 | J50: =J51 -> 3.9 | K50: =J50/I50*100 -> 100
A51: Иные закупки товаров, работ и услуг для обеспечения государственных (муниципальных) нужд | B51: 02 | C51: 03 | D51: 89 | E51: 1 | F51: 00 | G51: 51180 | H51: 240 | I51: ='Прил 3'!J52 -> 3.9 | J51: 3.9 | K51: =J51/I51*100 -> 100
A52: Национальная безопасность и правоохранительная деятельность | B52: 03 | I52: =I53 -> 18.6 | J52: =J53 -> 18.6 | K52: =J52/I52*100 -> 100
A53: Защита населения и территории от чрезвычайных ситуаций природного и техногенного характера, пожарная безопасность | B53: 03 | C53: 10 | I53: =I54 -> 18.6 | J53: =J54 -> 18.6 | K53: =J53/I53*100 -> 100
A54: Непрограммные расходы главных распорядителей средств бюджета Адашевского сельского поселения Кадошкинского муниципального района Республики Мордовия | B54: 03 | C54: 10 | D54: 89 | I54: =I55 -> 18.6 | J54: =J55 -> 18.6 | K54: =J54/I54*100 -> 100
A55: Непрограммные расходы в рамках обеспечения деятельности главных распорядителей средств бюджета Адашевского сельского поселения Кадошкинского муниципального района Республики Мордовия | B55: 03 | C55: 10 | D55: 89 | E55: 1 | I55: =I56 -> 18.6 | J55: =J56 -> 18.6 | K55: =J55/I55*100 -> 100
A56: Мероприятия по обеспечению пожарной безопасности | B56: 03 | C56: 10 | D56: 89 | E56: 1 | F56: 00 | G56: 42120 | I56: =I57 -> 18.6 | J56: =J57 -> 18.6 | K56: =J56/I56*100 -> 100
A57: Закупка товаров, работ и услуг для обеспечения государственных (муниципальных) нужд | B57: 03 | C57: 10 | D57: 89 | E57: 1 | F57: 00 | G57: 42120 | H57: 200 | I57: =I58 -> 18.6 | J57: =J58 -> 18.6 | K57: =J57/I57*100 -> 100
A58: Иные закупки товаров, работ и услуг для обеспечения государственных (муниципальных) нужд | B58: 03 | C58: 10 | D58: 89 | E58: 1 | F58: 00 | G58: 42120 | H58: 240 | I58: ='Прил 3'!J59 -> 18.6 | J58: 18.6 | K58: =J58/I58*100 -> 100
A59: Национальная экономика | B59: 04 | I59: =I60 -> 255.6 | J59: =J60 -> 253.5 | K59: =J59/I59*100 -> 99.178404
A60: Дорожное хозяйство (дорожные фонды) | B60: 04 | C60: 09 | I60: =I61 -> 255.6 | J60: =J61 -> 253.5 | K60: =J60/I60*100 -> 99.178404
A61: Непрограммные расходы главных распорядителей средств бюджета Адашевского сельского поселения Кадошкинского муниципального района Республики Мордовия | B61: 04 | C61: 09 | D61: 89 | I61: =I62 -> 255.6 | J61: =J62 -> 253.5 | K61: =J61/I61*100 -> 99.178404
A62: Непрограммные расходы в рамках обеспечения деятельности главных распорядителей средств бюджета Адашевского сельского поселения Кадошкинского муниципального района Республики Мордовия | B62: 04 | C62: 09 | D62: 89 | E62: 1 | I62: =I63 -> 255.6 | J62: =J63 -> 253.5 | K62: =J62/I62*100 -> 99.178404
A63: Иные межбюджетные трансферты на осуществление полномочий по дорожной деятельности в отношении автомобильных дорог местного значения в границах населенных пунктов поселения и обеспечению безопасности дорожного движения на них, включая создание и обеспечение функционирования парковок (парковочных мест), осуществлению муниципального контроля за сохранностью автомобильных дорог местного значения в границах населенных пунктов поселения, организации дорожного движения, а также осуществлению иных полномочий в области использования автомобильных дорог и осуществления дорожной деятельности в соответствии с законодательством Российской Федерации | B63: 04 | C63: 09 | D63: 89 | E63: 1 | F63: 00 | G63: 44102 | I63: =I64 -> 255.6 | J63: =J64 -> 253.5 | K63: =J63/I63*100 -> 99.178404
A64: Закупка товаров, работ и услуг для обеспечения государственных (муниципальных) нужд | B64: 04 | C64: 09 | D64: 89 | E64: 1 | F64: 00 | G64: 44102 | H64: 200 | I64: =I65 -> 255.6 | J64: =J65 -> 253.5 | K64: =J64/I64*100 -> 99.178404
A65: Иные закупки товаров, работ и услуг для обеспечения государственных (муниципальных) нужд | B65: 04 | C65: 09 | D65: 89 | E65: 1 | F65: 00 | G65: 44102 | H65: 240 | I65: ='Прил 3'!J66 -> 255.6 | J65: 253.5 | K65: =J65/I65*100 -> 99.178404
A66: Жилищно-коммунальное хозяйство | B66: 05 | I66: =I67+I73 -> 42 | J66: =J67+J73 -> 42 | K66: =J66/I66*100 -> 100
A67: Коммунальное хозяйство | B67: 05 | C67: 02 | I67: =I68 -> 24 | J67: =J68 -> 24 | K67: =J67/I67*100 -> 100
A68: Непрограммные расходы главных распорядителей средств бюджета Адашевского сельского поселения Кадошкинского муниципального района Республики Мордовия | B68: 05 | C68: 02 | D68: 89 | I68: =I69 -> 24 | J68: =J69 -> 24 | K68: =J68/I68*100 -> 100
A69: Непрограммные расходы в рамках обеспечения деятельности главных распорядителей средств бюджета Адашевского сельского поселения Кадошкинского муниципального района Республики Мордовия | B69: 05 | C69: 02 | D69: 89 | E69: 1 | I69: =I70 -> 24 | J69: =J70 -> 24 | K69: =J69/I69*100 -> 100
A70: Иные межбюджетные трансферты на осуществление полномочий по организации в границах поселения электро-, тепло-, газо- и водоснабжения населения, водоотведения, снабжения населения топливом в пределах полномочий, установленных законодательством Российской Федерации | B70: 05 | C70: 02 | D70: 89 | E70: 1 | F70: 00 | G70: 44101 | I70: =I71 -> 24 | J70: =J71 -> 24 | K70: =J70/I70*100 -> 100
A71: Закупка товаров, работ и услуг для обеспечения государственных (муниципальных) нужд | B71: 05 | C71: 02 | D71: 89 | E71: 1 | F71: 00 | G71: 44101 | H71: 200 | I71: =I72 -> 24 | J71: =J72 -> 24 | K71: =J71/I71*100 -> 100
A72: Иные закупки товаров, работ и услуг для обеспечения государственных (муниципальных) нужд | B72: 05 | C72: 02 | D72: 89 | E72: 1 | F72: 00 | G72: 44101 | H72: 240 | I72: ='Прил 3'!J73 -> 24 | J72: 24 | K72: =J72/I72*100 -> 100
A73: Благоустройство | B73: 05 | C73: 03 | I73: ='Прил 2 '!I74+'Прил 2 '!I77 -> 18 | J73: ='Прил 2 '!J74+'Прил 2 '!J77 -> 18 | K73: =J73/I73*100 -> 100
A74: Уличное освещение | B74: 05 | C74: 03 | D74: 89 | E74: 1 | F74: 00 | G74: 43010 | I74: =I75 -> 16 | J74: =J75 -> 16 | K74: =J74/I74*100 -> 100
A75: Закупка товаров, работ и услуг для обеспечения государственных (муниципальных) нужд | B75: 05 | C75: 03 | D75: 89 | E75: 1 | F75: 00 | G75: 43010 | H75: 200 | I75: =I76 -> 16 | J75: =J76 -> 16 | K75: =J75/I75*100 -> 100
A76: Иные закупки товаров, работ и услуг для обеспечения государственных (муниципальных) нужд | B76: 05 | C76: 03 | D76: 89 | E76: 1 | F76: 00 | G76: 43010 | H76: 240 | I76: ='Прил 3'!J79 -> 16 | J76: 16 | K76: =J76/I76*100 -> 100
A77: Прочие мероприятия по благоустройству | B77: 05 | C77: 03 | D77: 89 | E77: 1 | F77: 00 | G77: 43040 | I77: =I78 -> 2 | J77: =J78 -> 2 | K77: =J77/I77*100 -> 100
A78: Закупка товаров, работ и услуг для обеспечения государственных (муниципальных) нужд | B78: 05 | C78: 03 | D78: 89 | E78: 1 | F78: 00 | G78: 43040 | H78: 200 | I78: =I79 -> 2 | J78: =J79 -> 2 | K78: =J78/I78*100 -> 100
A79: Иные закупки товаров, работ и услуг для обеспечения государственных (муниципальных) нужд | B79: 05 | C79: 03 | D79: 89 | E79: 1 | F79: 00 | G79: 43040 | H79: 240 | I79: ='Прил 3'!J82 -> 2 | J79: 2 | K79: =J79/I79*100 -> 100
A80: Социальная политика | B80: 10 | I80: =I81 -> 69 | J80: =J81 -> 69 | K80: =J80/I80*100 -> 100
A81: Пенсионное обеспечение | B81: 10 | C81: 01 | I81: =I82 -> 69 | J81: =J82 -> 69 | K81: =J81/I81*100 -> 100
A82: Непрограммные расходы главных распорядителей средств бюджета Адашевского сельского поселения Кадошкинского муниципального района Республики Мордовия | B82: 10 | C82: 01 | D82: 89 | I82: =I83 -> 69 | J82: =J83 -> 69 | K82: =J82/I82*100 -> 100
A83: Непрограммные расходы в рамках обеспечения деятельности главных распорядителей средств бюджета Адашевского сельского поселения Кадошкинского муниципального района Республики Мордовия | B83: 10 | C83: 01 | D83: 89 | E83: 1 | I83: =I84 -> 69 | J83: =J84 -> 69 | K83: =J83/I83*100 -> 100
A84: Доплаты к пенсиям муниципальных служащих Республики Мордовия | B84: 10 | C84: 01 | D84: 89 | E84: 1 | F84: 00 | G84: 03010 | I84: =I85 -> 69 | J84: =J85 -> 69 | K84: =J84/I84*100 -> 100
A85: Социальное обеспечение и иные выплаты населению | B85: 10 | C85: 01 | D85: 89 | E85: 1 | F85: 00 | G85: 03010 | H85: 300 | I85: =I86 -> 69 | J85: =J86 -> 69 | K85: =J85/I85*100 -> 100
A86: Публичные нормативные социальные выплаты гражданам | B86: 10 | C86: 01 | D86: 89 | E86: 1 | F86: 00 | G86: 03010 | H86: 310 | I86: ='Прил 3'!J89 -> 69 | J86: 69 | K86: =J86/I86*100 -> 100
A87: Обслуживание государственного и муниципального долга | B87: 13 | I87: =I88 -> 1 | J87: =J88 -> 1 | K87: =J87/I87*100 -> 100
A88: Обслуживание государственного внутреннего и муниципального долга | B88: 13 | C88: 01 | I88: =I89 -> 1 | J88: =J89 -> 1 | K88: =J88/I88*100 -> 100
A89: Непрограммные расходы главных распорядителей средств бюджета Адашевского сельского поселения Кадошкинского муниципального района Республики Мордовия | B89: 13 | C89: 01 | D89: 89 | E89: 0 | I89: =I90 -> 1 | J89: =J90 -> 1 | K89: =J89/I89*100 -> 100
A90: Непрограммные расходы в рамках обеспечения деятельности главных распорядителей средств бюджета Адашевского сельского поселения Кадошкинского муниципального района Республики Мордовия | B90: 13 | C90: 01 | D90: 89 | E90: 1 | I90: =I91 -> 1 | J90: =J91 -> 1 | K90: =J90/I90*100 -> 100
A91: Процентные платежи по муниципальному долгу | B91: 13 | C91: 01 | D91: 89 | E91: 1 | F91: 00 | G91: 41240 | I91: =I92 -> 1 | J91: =J92 -> 1 | K91: =J91/I91*100 -> 100
A92: Обслуживание государственного (муниципального) долга | B92: 13 | C92: 01 | D92: 89 | E92: 1 | F92: 00 | G92: 41240 | H92: 700 | I92: =I93 -> 1 | J92: =J93 -> 1 | K92: =J92/I92*100 -> 100
A93: Обслуживание муниципального долга | B93: 13 | C93: 01 | D93: 89 | E93: 1 | F93: 00 | G93: 41240 | H93: 730 | I93: ='Прил 3'!J96 -> 1 | J93: ='Прил 3'!K96 -> 1 | K93: =J93/I93*100 -> 100

Sheet Прил 3
H1: Приложение 3
J2: к решению сессии Совета депутатов Адашевского сельского поселения "Об исполнении бюджета Адашевского сельского поселения Кадошкинского муниципального района Республики Мордовия за 2021 год"
A3: ВЕДОМСТВЕННАЯ СТРУКТУРА РАСХОДОВ БЮДЖЕТА АДАШЕВСКОГО СЕЛЬСКОГО ПОСЕЛЕНИЯ КАДОШКИНСКОГО МУНИЦИПАЛЬНОГО РАЙОНА РЕСПУБЛИКИ МОРДОВИЯ НА 2021 ГОД
A4: Наименование | B4: Адм | C4: Рз | D4: ПРз | E4: ЦСР | I4: ВР | J4: Сумма (тыс. рублей)
J5: План 2021 год | K5: Исполнение 2021 год | L5: % исполнения
A6: 1 | B6: 2 | C6: 3 | D6: 4 | E6: 5 | F6: 6 | G6: 7 | H6: 8 | I6: 9 | J6: 10 | K6: 11 | L6: 12
A7: ВСЕГО | J7: =J8 -> 1432.15 | K7: =K8 -> 1388 | L7: =K7/J7*100 -> 96.917222
A8: Администрация Адашевского сельского поселения Кадошкинского муниципального района Республики Мордовия | B8: 910 | J8: =J9+J44+J60+J67+J83+J90+J53 -> 1432.15 | K8: =K9+K44+K60+K67+K83+K90+K53 -> 1388 | L8: =K8/J8*100 -> 96.917222
A9: Общегосударственные вопросы | B9: 910 | C9: 01 | J9: =J10+J19+J38 -> 959.15 | K9: =K10+K19+K38 -> 917.1 | L9: =K9/J9*100 -> 95.61591
A10: Функционирование высшего должностного лица субъекта Российской Федерации и муниципального образования | B10: 910 | C10: 01 | D10: 02 | J10: =J11 -> 469.6 | K10: =K11 -> 451.3 | L10: =K10/J10*100 -> 96.103066
A11: Обеспечение деятельности администрации | B11: 910 | C11: 01 | D11: 02 | E11: 65 | J11: =J12 -> 469.6 | K11: =K12 -> 451.3 | L11: =K11/J11*100 -> 96.103066
A12: Высшее должностное лицо | B12: 910 | C12: 01 | D12: 02 | E12: 65 | F12: 1 | J12: =J13+J16 -> 469.6 | K12: =K13+K16 -> 451.3 | L12: =K12/J12*100 -> 96.103066
A13: Расходы на выплаты по оплате труда высшего должностного лица | B13: 910 | C13: 01 | D13: 02 | E13: 65 | F13: 1 | G13: 00 | H13: 41150 | J13: =J14 -> 397.9 | K13: =K14 -> 379.6 | L13: =K13/J13*100 -> 95.400854
A14: Расходы на выплаты персоналу в целях обеспечения выполнения функций государственными (муниципальными) органами, казенными учреждениями, органами управления государственными внебюджетными фондами | B14: 910 | C14: 01 | D14: 02 | E14: 65 | F14: 1 | G14: 00 | H14: 41150 | I14: 100 | J14: =J15 -> 397.9 | K14: =K15 -> 379.6 | L14: =K14/J14*100 -> 95.400854
A15: Расходы на выплаты персоналу государственных (муниципальных) органов | B15: 910 | C15: 01 | D15: 02 | E15: 65 | F15: 1 | G15: 00 | H15: 41150 | I15: 120 | J15: 397.9 | K15: ='Прил 2 '!J14 -> 379.6 | L15: =K15/J15*100 -> 95.400854
A16: Субсидии на софинансирование расходных обязательств по финансовому обеспечению деятельности органов местного самоуправления и муниципальных учреждений | B16: 910 | C16: 01 | D16: 02 | E16: 65 | F16: 1 | G16: 00 | H16: 44205 | J16: =J17 -> 71.7 | K16: =K17 -> 71.7 | L16: =K16/J16*100 -> 100
A17: Расходы на выплаты персоналу в целях обеспечения выполнения функций государственными (муниципальными) органами, казенными учреждениями, органами управления государственными внебюджетными фондами | B17: 910 | C17: 01 | D17: 02 | E17: 65 | F17: 1 | G17: 00 | H17: 44205 | I17: 100 | J17: =J18 -> 71.7 | K17: =K18 -> 71.7 | L17: =K17/J17*100 -> 100
A18: Расходы на выплаты персоналу государственных (муниципальных) органов | B18: 910 | C18: 01 | D18: 02 | E18: 65 | F18: 1 | G18: 00 | H18: 44205 | I18: 120 | J18: =71.7+8.5-8.5 -> 71.7 | K18: ='Прил 2 '!J17 -> 71.7 | L18: =K18/J18*100 -> 100
A19: Функционирование Правительства Российской Федерации, высших органов исполнительной власти субъектов Российской Федерации, местных администраций | B19: 910 | C19: 01 | D19: 04 | J19: =J20+J33 -> 488.55 | K19: =K20+K33 -> 465.8 | L19: =K19/J19*100 -> 95.343363
A20: Обеспечение деятельности администрации | B20: 910 | C20: 01 | D20: 04 | E20: 65 | J20: =J21 -> 488.45 | K20: =K21 -> 465.7 | L20: =K20/J20*100 -> 95.34241
A21: Непрограммные расходы в рамках обеспечения деятельности администрации | B21: 910 | C21: 01 | D21: 04 | E21: 65 | F21: 2 | J21: =J23+J25+J30 -> 488.45 | K21: =K23+K25+K30 -> 465.7 | L21: =K21/J21*100 -> 95.34241
A22: Расходы на выплаты по оплате труда работников органов местного самоуправления | B22: 910 | C22: 01 | D22: 04 | E22: 65 | F22: 2 | G22: 00 | H22: 41110 | J22: =J23 -> 243.5 | K22: =K23 -> 223.2 | L22: =K22/J22*100 -> 91.663244
A23: Расходы на выплаты персоналу в целях обеспечения выполнения функций государственными (муниципальными) органами, казенными учреждениями, органами управления государственными внебюджетными фондами | B23: 910 | C23: 01 | D23: 04 | E23: 65 | F23: 2 | G23: 00 | H23: 41110 | I23: 100 | J23: =J24 -> 243.5 | K23: =K24 -> 223.2 | L23: =K23/J23*100 -> 91.663244
A24: Расходы на выплаты персоналу государственных (муниципальных) органов | B24: 910 | C24: 01 | D24: 04 | E24: 65 | F24: 2 | G24: 00 | H24: 41110 | I24: 120 | J24: =233.5+10 -> 243.5 | K24: ='Прил 2 '!J23 -> 223.2 | L24: =K24/J24*100 -> 91.663244
A25: Расходы на обеспечение функций органов местного самоуправления | B25: 910 | C25: 01 | D25: 04 | E25: 65 | F25: 2 | G25: 00 | H25: 41120 | J25: =J28+J26 -> 152.05 | K25: =K28+K26 -> 149.6 | L25: =K25/J25*100 -> 98.388688
A26: Закупка товаров, работ и услуг для обеспечения государственных (муниципальных) нужд | B26: 910 | C26: 01 | D26: 04 | E26: 65 | F26: 2 | G26: 00 | H26: 41120 | I26: 200 | J26: =J27 -> 137.55 | K26: =K27 -> 136 | L26: =K26/J26*100 -> 98.873137
A27: Иные закупки товаров, работ и услуг для обеспечения государственных (муниципальных) нужд | B27: 910 | C27: 01 | D27: 04 | E27: 65 | F27: 2 | G27: 00 | H27: 41120 | I27: 240 | J27: =51+50+15+21.55 -> 137.55 | K27: ='Прил 2 '!J26 -> 136 | L27: =K27/J27*100 -> 98.873137
A28: Иные бюджетные ассигнования | B28: 910 | C28: 01 | D28: 04 | E28: 65 | F28: 2 | G28: 00 | H28: 41120 | I28: 800 | J28: =J29 -> 14.5 | K28: =K29 -> 13.6 | L28: =K28/J28*100 -> 93.793103
A29: Уплата налогов, сборов и иных платежей | B29: 910 | C29: 01 | D29: 04 | E29: 65 | F29: 2 | G29: 00 | H29: 41120 | I29: 850 | J29: 14.5 | K29: ='Прил 2 '!J28 -> 13.6 | L29: =K29/J29*100 -> 93.793103
A30: Субсидии на софинансирование расходных обязательств по финансовому обеспечению деятельности органов местного самоуправления и муниципальных учреждений | B30: 910 | C30: 01 | D30: 04 | E30: 65 | F30: 2 | G30: 00 | H30: 44205 | J30: =J31 -> 92.9 | K30: =K31 -> 92.9 | L30: =K30/J30*100 -> 100
A31: Расходы на выплаты персоналу в целях обеспечения выполнения функций государственными (муниципальными) органами, казенными учреждениями, органами управления государственными внебюджетными фондами | B31: 910 | C31: 01 | D31: 04 | E31: 65 | F31: 2 | G31: 00 | H31: 44205 | I31: 100 | J31: =J32 -> 92.9 | K31: =K32 -> 92.9 | L31: =K31/J31*100 -> 100
A32: Расходы на выплаты персоналу государственных (муниципальных) органов | B32: 910 | C32: 01 | D32: 04 | E32: 65 | F32: 2 | G32: 00 | H32: 44205 | I32: 120 | J32: =92.9-8.5+8.5 -> 92.9 | K32: ='Прил 2 '!J31 -> 92.9 | L32: =K32/J32*100 -> 100
A33: Непрограммные расходы главных распорядителей средств бюджета Адашевского сельского поселения Кадошкинского муниципального района Республики Мордовия | B33: 910 | C33: 01 | D33: 04 | E33: 89 | J33: =J34 -> 0.1 | K33: =K34 -> 0.1 | L33: =K33/J33*100 -> 100
A34: Непрограммные расходы в рамках обеспечения деятельности главных распорядителей средств бюджета Адашевского сельского поселения Кадошкинского муниципального района Республики Мордовия | B34: 910 | C34: 01 | D34: 04 | E34: 89 | F34: 1 | J34: =J35 -> 0.1 | K34: =K35 -> 0.1 | L34: =K34/J34*100 -> 100
A35: Осуществление государственных полномочий Республики Мордовия по определению перечня должностных лиц, уполномоченных составлять протоколы об административных правонарушениях, предусмотренных Законом Республики Мордовия от 15 июня 2015 года № 38-З "Об административной ответственности на территории Республики Мордовия" | B35: 910 | C35: 01 | D35: 04 | E35: 89 | F35: 1 | G35: 00 | H35: 77150 | J35: =J36 -> 0.1 | K35: =K36 -> 0.1 | L35: =K35/J35*100 -> 100
A36: Закупка товаров, работ и услуг для обеспечения государственных (муниципальных) нужд | B36: 910 | C36: 01 | D36: 04 | E36: 89 | F36: 1 | G36: 00 | H36: 77150 | I36: 200 | J36: =J37 -> 0.1 | K36: =K37 -> 0.1 | L36: =K36/J36*100 -> 100
A37: Иные закупки товаров, работ и услуг для обеспечения государственных (муниципальных) нужд | B37: 910 | C37: 01 | D37: 04 | E37: 89 | F37: 1 | G37: 00 | H37: 77150 | I37: 240 | J37: 0.1 | K37: 0.1 | L37: =K37/J37*100 -> 100
A38: Резервные фонды | B38: 910 | C38: 01 | D38: 11 | J38: =J39 -> 1 | K38: =K39 -> 0 | L38: =K38/J38*100 -> 0
A39: Непрограммные расходы главных распорядителей средств бюджета Адашевского сельского поселения Кадошкинского муниципального района Республики Мордовия | B39: 910 | C39: 01 | D39: 11 | E39: 89 | J39: =J40 -> 1 | K39: =K40 -> 0 | L39: =K39/J39*100 -> 0
A40: Непрограммные расходы в рамках обеспечения деятельности главных распорядителей средств бюджета Адашевского сельского поселения Кадошкинского муниципального района Республики Мордовия | B40: 910 | C40: 01 | D40: 11 | E40: 89 | F40: 1 | J40: =J41 -> 1 | K40: =K41 -> 0 | L40: =K40/J40*100 -> 0
A41: Резервный фонд администрации Адашевского сельского поселения Кадошкинского муниципального района Республики Мордовия | B41: 910 | C41: 01 | D41: 11 | E41: 89 | F41: 1 | G41: 00 | H41: 41180 | J41: =J42 -> 1 | K41: =K42 -> 0 | L41: =K41/J41*100 -> 0
A42: Иные бюджетные ассигнования | B42: 910 | C42: 01 | D42: 11 | E42: 89 | F42: 1 | G42: 00 | H42: 41180 | I42: 800 | J42: =J43 -> 1 | K42: =K43 -> 0 | L42: =K42/J42*100 -> 0
A43: Резервные средства | B43: 910 | C43: 01 | D43: 11 | E43: 89 | F43: 1 | G43: 00 | H43: 41180 | I43: 870 | J43: 1 | K43: ='Прил 2 '!J42 -> 0 | L43: =K43/J43*100 -> 0
A44: Национальная оборона | B44: 910 | C44: 02 | J44: =J45 -> 86.8 | K44: =K45 -> 86.8 | L44: =K44/J44*100 -> 100
A45: Мобилизационная и вневойсковая подготовка | B45: 910 | C45: 02 | D45: 03 | J45: =J48 -> 86.8 | K45: =K48 -> 86.8 | L45: =K45/J45*100 -> 100
A46: Непрограммные расходы главных распорядителей средств бюджета Адашевского сельского поселения Кадошкинского муниципального района Республики Мордовия | B46: 910 | C46: 02 | D46: 03 | E46: 89 | J46: =J47 -> 86.8 | K46: =K47 -> 86.8 | L46: =K46/J46*100 -> 100
A47: Непрограммные расходы в рамках обеспечения деятельности главных распорядителей средств бюджета Адашевского сельского поселения Кадошкинского муниципального района Республики Мордовия | B47: 910 | C47: 02 | D47: 03 | E47: 89 | F47: 1 | J47: =J48 -> 86.8 | K47: =K48 -> 86.8 | L47: =K47/J47*100 -> 100
A48: Осуществление государственных полномочий Российской Федерации о первичному воинскому учету на территориях, где отсутствуют военные комиссариаты | B48: 910 | C48: 02 | D48: 03 | E48: 89 | F48: 1 | G48: 00 | H48: 51180 | J48: =J49+J51 -> 86.8 | K48: =K49+K51 -> 86.8 | L48: =K48/J48*100 -> 100
A49: Расходы на выплаты персоналу в целях обеспечения выполнения функций государственными (муниципальными) органами, казенными учреждениями, органами управления государственными внебюджетными фондами | B49: 910 | C49: 02 | D49: 03 | E49: 89 | F49: 1 | G49: 00 | H49: 51180 | I49: 100 | J49: =J50 -> 82.9 | K49: =K50 -> 82.9 | L49: =K49/J49*100 -> 100
A50: Расходы на выплаты персоналу государственных (муниципальных) органов | B50: 910 | C50: 02 | D50: 03 | E50: 89 | F50: 1 | G50: 00 | H50: 51180 | I50: 120 | J50: 82.9 | K50: ='Прил 2 '!J49 -> 82.9 | L50: =K50/J50*100 -> 100
A51: Закупка товаров, работ и услуг для обеспечения государственных (муниципальных) нужд | B51: 910 | C51: 02 | D51: 03 | E51: 89 | F51: 1 | G51: 00 | H51: 51180 | I51: 200 | J51: =J52 -> 3.9 | K51: =K52 -> 3.9 | L51: =K51/J51*100 -> 100
A52: Иные закупки товаров, работ и услуг для обеспечения государственных (муниципальных) нужд | B52: 910 | C52: 02 | D52: 03 | E52: 89 | F52: 1 | G52: 00 | H52: 51180 | I52: 240 | J52: 3.9 | K52: ='Прил 2 '!J51 -> 3.9 | L52: =K52/J52*100 -> 100
A53: Национальная безопасность и правоохранительная деятельность | B53: 910 | C53: 03 | J53: =J54 -> 18.6 | K53: =K54 -> 18.6 | L53: =K53/J53*100 -> 100
A54: Защита населения и территории от чрезвычайных ситуаций природного и техногенного характера, пожарная безопасность | B54: 910 | C54: 03 | D54: 10 | J54: =J55 -> 18.6 | K54: =K55 -> 18.6 | L54: =K54/J54*100 -> 100
A55: Непрограммные расходы главных распорядителей средств бюджета Адашевского сельского поселения Кадошкинского муниципального района Республики Мордовия | B55: 910 | C55: 03 | D55: 10 | E55: 89 | J55: =J56 -> 18.6 | K55: =K56 -> 18.6 | L55: =K55/J55*100 -> 100
A56: Непрограммные расходы в рамках обеспечения деятельности главных распорядителей средств бюджета Адашевского сельского поселения Кадошкинского муниципального района Республики Мордовия | B56: 910 | C56: 03 | D56: 10 | E56: 89 | F56: 1 | J56: =J57 -> 18.6 | K56: =K57 -> 18.6 | L56: =K56/J56*100 -> 100
A57: Мероприятия по обеспечению пожарной безопасности | B57: 910 | C57: 03 | D57: 10 | E57: 89 | F57: 1 | G57: 00 | H57: 42120 | J57: =J58 -> 18.6 | K57: =K58 -> 18.6 | L57: =K57/J57*100 -> 100
A58: Закупка товаров, работ и услуг для обеспечения государственных (муниципальных) нужд | B58: 910 | C58: 03 | D58: 10 | E58: 89 | F58: 1 | G58: 00 | H58: 42120 | I58: 200 | J58: =J59 -> 18.6 | K58: =K59 -> 18.6 | L58: =K58/J58*100 -> 100
A59: Иные закупки товаров, работ и услуг для обеспечения государственных (муниципальных) нужд | B59: 910 | C59: 03 | D59: 10 | E59: 89 | F59: 1 | G59: 00 | H59: 42120 | I59: 240 | J59: 18.6 | K59: ='Прил 2 '!J58 -> 18.6 | L59: =K59/J59*100 -> 100
A60: Национальная экономика | B60: 910 | C60: 04 | J60: =J61 -> 255.6 | K60: =K61 -> 253.5 | L60: =K60/J60*100 -> 99.178404
A61: Дорожное хозяйство (дорожные фонды) | B61: 910 | C61: 04 | D61: 09 | J61: =J62 -> 255.6 | K61: =K62 -> 253.5 | L61: =K61/J61*100 -> 99.178404
A62: Непрограммные расходы главных распорядителей средств бюджета Адашевского сельского поселения Кадошкинского муниципального района Республики Мордовия | B62: 910 | C62: 04 | D62: 09 | E62: 89 | J62: =J63 -> 255.6 | K62: =K63 -> 253.5 | L62: =K62/J62*100 -> 99.178404
A63: Непрограммные расходы в рамках обеспечения деятельности главных распорядителей средств бюджета Адашевского сельского поселения Кадошкинского муниципального района Республики Мордовия | B63: 910 | C63: 04 | D63: 09 | E63: 89 | F63: 1 | J63: =J64 -> 255.6 | K63: =K64 -> 253.5 | L63: =K63/J63*100 -> 99.178404
A64: Иные межбюджетные трансферты на осуществление полномочий по дорожной деятельности в отношении автомобильных дорог местного значения в границах населенных пунктов поселения и обеспечению безопасности дорожного движения на них, включая создание и обеспечение функционирования парковок (парковочных мест), осуществлению муниципального контроля за сохранностью автомобильных дорог местного значения в границах населенных пунктов поселения, организации дорожного движения, а также осуществлению иных полномочий в области использования автомобильных дорог и осуществления дорожной деятельности в соответствии с законодательством Российской Федерации | B64: 910 | C64: 04 | D64: 09 | E64: 89 | F64: 1 | G64: 00 | H64: 44102 | J64: =J65 -> 255.6 | K64: =K65 -> 253.5 | L64: =K64/J64*100 -> 99.178404
A65: Закупка товаров, работ и услуг для обеспечения государственных (муниципальных) нужд | B65: 910 | C65: 04 | D65: 09 | E65: 89 | F65: 1 | G65: 00 | H65: 44102 | I65: 200 | J65: =J66 -> 255.6 | K65: =K66 -> 253.5 | L65: =K65/J65*100 -> 99.178404
A66: Иные закупки товаров, работ и услуг для обеспечения государственных (муниципальных) нужд | B66: 910 | C66: 04 | D66: 09 | E66: 89 | F66: 1 | G66: 00 | H66: 44102 | I66: 240 | J66: 255.6 | K66: ='Прил 2 '!J65 -> 253.5 | L66: =K66/J66*100 -> 99.178404
A67: Жилищно-коммунальное хозяйство | B67: 910 | C67: 05 | J67: =J68+J74 -> 42 | K67: =K68+K74 -> 42 | L67: =K67/J67*100 -> 100
A68: Коммунальное хозяйство | B68: 910 | C68: 05 | D68: 02 | J68: =J69 -> 24 | K68: =K69 -> 24 | L68: =K68/J68*100 -> 100
A69: Непрограммные расходы главных распорядителей средств бюджета Адашевского сельского поселения Кадошкинского муниципального района Республики Мордовия | B69: 910 | C69: 05 | D69: 02 | E69: 89 | J69: =J70 -> 24 | K69: =K70 -> 24 | L69: =K69/J69*100 -> 100
A70: Непрограммные расходы в рамках обеспечения деятельности главных распорядителей средств бюджета Адашевского сельского поселения Кадошкинского муниципального района Республики Мордовия | B70: 910 | C70: 05 | D70: 02 | E70: 89 | F70: 1 | J70: =J71 -> 24 | K70: =K71 -> 24 | L70: =K70/J70*100 -> 100
A71: Иные межбюджетные трансферты на осуществление полномочий по организации в границах поселения электро-, тепло-, газо- и водоснабжения населения, водоотведения, снабжения населения топливом в пределах полномочий, установленных законодательством Российской Федерации | B71: 910 | C71: 05 | D71: 02 | E71: 89 | F71: 1 | G71: 00 | H71: 44101 | J71: =J72 -> 24 | K71: =K72 -> 24 | L71: =K71/J71*100 -> 100
A72: Закупка товаров, работ и услуг для обеспечения государственных (муниципальных) нужд | B72: 910 | C72: 05 | D72: 02 | E72: 89 | F72: 1 | G72: 00 | H72: 44101 | I72: 200 | J72: =J73 -> 24 | K72: =K73 -> 24 | L72: =K72/J72*100 -> 100
A73: Иные закупки товаров, работ и услуг для обеспечения государственных (муниципальных) нужд | B73: 910 | C73: 05 | D73: 02 | E73: 89 | F73: 1 | G73: 00 | H73: 44101 | I73: 240 | J73: =0.4+33.077-9.477 -> 24 | K73: ='Прил 2 '!J72 -> 24 | L73: =K73/J73*100 -> 100
A74: Благоустройство | B74: 910 | C74: 05 | D74: 03 | J74: =J75 -> 18 | K74: =K75 -> 18 | L74: =K74/J74*100 -> 100
A75: Непрограммные расходы главных распорядителей средств бюджета Адашевского сельского поселения Кадошкинского муниципального района Республики Мордовия | B75: 910 | C75: 05 | D75: 03 | E75: 89 | J75: =J77+J80 -> 18 | K75: =K77+K80 -> 18 | L75: =K75/J75*100 -> 100
A76: Непрограммные расходы в рамках обеспечения деятельности главных распорядителей средств бюджета Адашевского сельского поселения Кадошкинского муниципального района Республики Мордовия | B76: 910 | C76: 05 | D76: 03 | E76: 89 | F76: 1 | J76: =J77+J80 -> 18 | K76: =K77+K80 -> 18 | L76: =K76/J76*100 -> 100
A77: Уличное освещение | B77: 910 | C77: 05 | D77: 03 | E77: 89 | F77: 1 | G77: 00 | H77: 43010 | J77: =J78 -> 16 | K77: =K78 -> 16 | L77: =K77/J77*100 -> 100
A78: Закупка товаров, работ и услуг для обеспечения государственных (муниципальных) нужд | B78: 910 | C78: 05 | D78: 03 | E78: 89 | F78: 1 | G78: 00 | H78: 43010 | I78: 200 | J78: =J79 -> 16 | K78: =K79 -> 16 | L78: =K78/J78*100 -> 100
A79: Иные закупки товаров, работ и услуг для обеспечения государственных (муниципальных) нужд | B79: 910 | C79: 05 | D79: 03 | E79: 89 | F79: 1 | G79: 00 | H79: 43010 | I79: 240 | J79: 16 | K79: ='Прил 2 '!J76 -> 16 | L79: =K79/J79*100 -> 100
A80: Прочие мероприятия по благоустройству | B80: 910 | C80: 05 | D80: 03 | E80: 89 | F80: 1 | G80: 00 | H80: 43040 | J80: =J81 -> 2 | K80: =K81 -> 2 | L80: =K80/J80*100 -> 100
A81: Закупка товаров, работ и услуг для обеспечения государственных (муниципальных) нужд | B81: 910 | C81: 05 | D81: 03 | E81: 89 | F81: 1 | G81: 00 | H81: 43040 | I81: 200 | J81: =J82 -> 2 | K81: =K82 -> 2 | L81: =K81/J81*100 -> 100
A82: Иные закупки товаров, работ и услуг для обеспечения государственных (муниципальных) нужд | B82: 910 | C82: 05 | D82: 03 | E82: 89 | F82: 1 | G82: 00 | H82: 43040 | I82: 240 | J82: 2 | K82: ='Прил 2 '!J79 -> 2 | L82: =K82/J82*100 -> 100
A83: Социальная политика | B83: 910 | C83: 10 | J83: =J84 -> 69 | K83: =K84 -> 69 | L83: =K83/J83*100 -> 100
A84: Пенсионное обеспечение | B84: 910 | C84: 10 | D84: 01 | J84: =J85 -> 69 | K84: =K85 -> 69 | L84: =K84/J84*100 -> 100
A85: Непрограммные расходы главных распорядителей средств бюджета Адашевского сельского поселения Кадошкинского муниципального района Республики Мордовия | B85: 910 | C85: 10 | D85: 01 | E85: 89 | J85: =J86 -> 69 | K85: =K86 -> 69 | L85: =K85/J85*100 -> 100
A86: Непрограммные расходы в рамках обеспечения деятельности главных распорядителей средств бюджета Адашевского сельского поселения Кадошкинского муниципального района Республики Мордовия | B86: 910 | C86: 10 | D86: 01 | E86: 89 | F86: 1 | J86: =J87 -> 69 | K86: =K87 -> 69 | L86: =K86/J86*100 -> 100
A87: Доплаты к пенсиям муниципальных служащих Республики Мордовия | B87: 910 | C87: 10 | D87: 01 | E87: 89 | F87: 1 | G87: 00 | H87: 03010 | J87: =J88 -> 69 | K87: =K88 -> 69 | L87: =K87/J87*100 -> 100
A88: Социальное обеспечение и иные выплаты населению | B88: 910 | C88: 10 | D88: 01 | E88: 89 | F88: 1 | G88: 00 | H88: 03010 | I88: 300 | J88: =J89 -> 69 | K88: =K89 -> 69 | L88: =K88/J88*100 -> 100
A89: Публичные нормативные социальные выплаты гражданам | B89: 910 | C89: 10 | D89: 01 | E89: 89 | F89: 1 | G89: 00 | H89: 03010 | I89: 310 | J89: 69 | K89: ='Прил 2 '!J86 -> 69 | L89: =K89/J89*100 -> 100
A90: Обслуживание государственного и муниципального долга | B90: 910 | C90: 13 | J90: =J91 -> 1 | K90: =K91 -> 1 | L90: =K90/J90*100 -> 100
A91: Обслуживание государственного внутреннего и муниципального долга | B91: 910 | C91: 13 | D91: 01 | J91: =J92 -> 1 | K91: =K92 -> 1 | L91: =K91/J91*100 -> 100
A92: Непрограммные расходы главных распорядителей средств бюджета Адашевского сельского поселения Кадошкинского муниципального района Республики Мордовия | B92: 910 | C92: 13 | D92: 01 | E92: 89 | J92: =J93 -> 1 | K92: =K93 -> 1 | L92: =K92/J92*100 -> 100
A93: Непрограммные расходы в рамках обеспечения деятельности главных распорядителей средств бюджета Адашевского сельского поселения Кадошкинского муниципального района Республики Мордовия | B93: 910 | C93: 13 | D93: 01 | E93: 89 | F93: 1 | J93: =J94 -> 1 | K93: =K94 -> 1 | L93: =K93/J93*100 -> 100
A94: Процентные платежи по муниципальному долгу | B94: 910 | C94: 13 | D94: 01 | E94: 89 | F94: 1 | G94: 00 | H94: 41240 | J94: =J95 -> 1 | K94: =K95 -> 1 | L94: =K94/J94*100 -> 100
A95: Обслуживание государственного (муниципального) долга | B95: 910 | C95: 13 | D95: 01 | E95: 89 | F95: 1 | G95: 00 | H95: 41240 | I95: 700 | J95: =J96 -> 1 | K95: =K96 -> 1 | L95: =K95/J95*100 -> 100
A96: Обслуживание муниципального долга | B96: 910 | C96: 13 | D96: 01 | E96: 89 | F96: 1 | G96: 00 | H96: 41240 | I96: 730 | J96: 1 | K96: 1 | L96: =K96/J96*100 -> 100

Sheet Прил 4
D1: Приложение 4
C2: к решению сессии Совета депутатов Адашевского сельского поселения "Об исполнении бюджета Адашевского сельского поселения Кадошкинского муниципального района Республики Мордовия за 2021 год"
A3: ИСТОЧНИКИ ВНУТРЕННЕГО ФИНАНСИРОВАНИЯ ДЕФИЦИТА БЮДЖЕТА АДАШЕВСКОГО СЕЛЬСКОГО ПОСЕЛЕНИЯ КАДОШКИНСКОГО МУНИЦИПАЛЬНОГО РАЙОНА РЕСПУБЛИКИ МОРДОВИЯ НА 2021 ГОД
D4: (тыс. рублей)
A5: Код | B5: НАИМЕНОВАНИЕ | C5: План 2021 год | D5: Исполнение 2021 год
A6: 1 | B6: 2 | C6: 3 | D6: 4
A7: 000 01 00 00 00 00 0000 000 | B7: ИСТОЧНИКИ ВНУТРЕННЕГО ФИНАНСИРОВАНИЯ ДЕФИЦИТОВ БЮДЖЕТОВ | C7: =C8+C11+C15 -> 133.75 | D7: =D8+D11+D15 -> 34.2
A8: 000 01 02 00 00 00 0000 000 | B8: Кредиты кредитных организаций в валюте Российской Федерации | C8: =SUM(C9) -> 0 | D8: =SUM(D9) -> 0
A9: 000 01 02 00 00 00 0000 700 | B9: Получение кредитов от кредитных организаций в валюте Российской Федерации | C9: =SUM(C10) -> 0 | D9: =SUM(D10) -> 0
A10: 000 01 02 00 00 10 0000 710 | B10: Получение кредитов от кредитных организаций бюджетами поселений в валюте Российской Федерации | C10: 0 | D10: 0
A11: 000 01 03 00 00 00 0000 000 | B11: Бюджетные кредиты от других бюджетов бюджетной системы Российской Федерации | C11: =C12 -> -10.4 | D11: =D12 -> -10.4
A12: 000 01 03 01 00 00 0000 000 | B12: Бюджетные кредиты от других бюджетов бюджетной системы Российской Федерации в валюте Российской Федерации | C12: =C13 -> -10.4 | D12: =D13 -> -10.4
A13: 000 01 03 01 00 10 0000 800 | B13: Погашение бюджетных кредитов, полученных от других бюджетов бюджетной системы Российской Федерации в валюте Российской Федерации | C13: =SUM(C14) -> -10.4 | D13: =SUM(D14) -> -10.4
A14: 000 01 03 01 00 10 0000 810 | B14: Погашение бюджетами сельских поселений кредитов от других бюджетов бюджетной системы Российской Федерации в валюте Российской Федерации | C14: -10.4 | D14: -10.4
A15: 000 01 05 00 00 00 0000 000 | B15: Изменения остатков средств на счетах по учету средств бюджетов | C15: =C16+C19 -> 144.15 | D15: =D16+D19 -> 44.6
A16: 000 01 05 02 00 00 0000 500 | B16: Увеличение прочих остатков средств бюджетов | C16: =SUM(C17) -> -1298.4 | D16: =SUM(D17) -> -1507.1
A17: 000 01 05 02 01 00 0000 510 | B17: Увеличение прочих остатков денежных средств бюджетов | C17: =SUM(C18) -> -1298.4 | D17: =SUM(D18) -> -1507.1
A18: 000 01 05 02 01 10 0000 510 | B18: Увеличение прочих остатков денежных средств бюджетов сельских поселений | C18: =-('Прил 1'!C8+C10) -> -1298.4 | D18: -1507.1
A19: 000 01 05 02 00 00 0000 600 | B19: Уменьшение прочих остатков средств бюджетов | C19: =SUM(C20) -> 1442.55 | D19: =SUM(D20) -> 1551.7
A20: 000 01 05 02 01 00 0000 610 | B20: Уменьшение прочих остатков денежных средств бюджетов | C20: =SUM(C21) -> 1442.55 | D20: =SUM(D21) -> 1551.7
A21: 000 01 05 02 01 10 0000 610 | B21: Уменьшение прочих остатков денежных средств бюджетов сельских поселений | C21: ='Прил 2 '!I7-C14 -> 1442.55 | D21: 1551.7
